 Dungeon Crawl Stone Soup version 0.30-a0-639-g3916f1956a (webtiles) character file.

Game seed: 2062908820901089119

3766 drugrobin the Grappler (level 9, -15/84 HPs)
             Began as a Demigod Delver on Jan 16, 2023.
             Killed from afar by a gargoyle (17 damage)
             ... with a stone arrow
             ... on level 7 of the Dungeon.
             The game lasted 00:17:36 (5418 turns).

drugrobin the Grappler (Demigod Delver)             Turns: 5418, Time: 00:17:37

Health: -15/84     AC: 12    Str: 21    XL:     9   Next: 63%
Magic:  0/11       EV: 10    Int: 12    God:
Gold:   25         SH:  0    Dex: 19    Spells: 8/8 levels left

rFire   + . .      SeeInvis .    l - +7 hand axe of Dibbi {freeze, Fragile rC+ rN+}
rCold   + . .      Faith    .    (no shield)
rNeg    + . .      Spirit   +    w - +2 scale mail {rF+}
rPois   .          Reflect  .    B - +1 helmet
rElec   .          Harm     .    (no cloak)
rCorr   +          Rampage  .    j - +1 pair of gloves
Will    .....                    (no boots)
Stlth   ++                       n - amulet of guardian spirit
HPRegen 0.34/turn                q - ring of resist corrosion
MPRegen 0.12/turn                a - ring of wizardry

@: no status effects
A: high MP 1, forlorn, divine attributes
a: no special abilities


You were on level 7 of the Dungeon.
You visited 1 branch of the dungeon, and saw 7 of its levels.
You also visited: Sewer.

You collected 403 gold pieces.
You spent 378 gold pieces at shops.

Inventory:

Hand Weapons
 l - the +7 hand axe of Dibbi (weapon) {freeze, Fragile rC+ rN+}
   (You found it on level 4 of the Dungeon)

   rC:        It protects you from cold.
   rN:        It protects you from negative energy.
   Fragile:   It will be destroyed if unequipped.
 m - a +0 sling
 s - a +3 dagger
 C - the +2 war axe of Anouwat {freeze, Fly rPois Will++ Int-2}
   (You found it on level 6 of the Dungeon)

   Int:       It affects your intelligence (-2).
   rPois:     It protects you from poison.
   Fly:       It grants you flight.
   Will:      It greatly increases your willpower.
Missiles
 x - 8 poisoned darts (quivered)
 y - a curare-tipped dart
Armour
 j - a +1 pair of gloves (worn)
 w - a +2 scale mail of fire resistance (worn)
 B - a +1 helmet (worn)
Jewellery
 a - a ring of wizardry (right hand)
 n - an amulet of guardian spirit (around neck)
 q - a ring of resist corrosion (left hand)
Wands
 f - a wand of digging (4)
 p - a wand of flame (36)
 z - a wand of charming (6)
Scrolls
 b - 2 scrolls of fog
 d - 2 scrolls of fear
 g - 2 scrolls of poison {unknown}
 i - 9 scrolls of identify {unknown}
 t - a scroll of acquirement {unknown}
 u - 3 scrolls of teleportation {unknown}
 A - a scroll of silence {unknown}
 D - a scroll of immolation {unknown}
 E - a scroll of summoning {unknown}
Potions
 c - a potion of might {unknown}
 e - 6 potions of haste
 k - 4 potions of cancellation {unknown}
 o - 9 potions of flight
 r - 6 potions of curing {unknown}
 v - 2 potions of attraction {unknown}


   Skills:
 + Level 9.4 Fighting
 - Level 1.7 Dodging
 - Level 4.5 Stealth
 + Level 9.9 Unarmed Combat


You had 8 spell levels left.
You didn't know any spells.
Your spell library contained the following spells:

 Spells                   Type           Power      Damage    Failure   Level
 Freeze                   Ice            0%         1d3       34%         1
 Cigotuvi's Dreadful Rot  Necr/Pois/Air  0%         N/A       47%         2
 Frozen Ramparts          Ice            0%         1d1       71%         3
 Hailstorm                Conj/Ice       0%         3d3       71%         3
 Animate Dead             Necr           0%         N/A       97%         4
 Dispel Undead            Necr           0%         3d6       97%         4
 Borgnjor's Vile Clutch   Necr/Erth      0%         N/A       100%        5
 Death Channel            Necr           0%         N/A       100%        6


Dungeon Overview and Level Annotations

Branches:
Dungeon (7/15)             Temple (0/1) D:4           Sewer (visited)

Shops:
D:3 [   D:6 *(

Annotations:
D:3 exclusion: downstairs
D:4 1 runed translucent door, Crazy Yiuf
D:6 exclusion: upstairs


Innate Abilities, Weirdness & Mutations

You have an increased reservoir of magic. (+10% MP)
You shall have no god before yourself.
Your divine heritage dramatically boosts your attributes as you level up.


Message History

You closely miss the gargoyle.
The gargoyle is heavily damaged.
The gargoyle barely misses you.
Unknown command.
Unknown command.
You barely miss the gargoyle.
The gargoyle is heavily damaged.
The gargoyle hurls a stone arrow at you.
The stone arrow misses you.
The gargoyle hits you with a +0 morningstar.
Unknown command.
Unknown command.
You hit the gargoyle. You freeze the gargoyle.
The gargoyle is severely damaged.
The gargoyle hits you with a +0 morningstar!
* * * LOW HITPOINT WARNING * * *
Unknown command.
Unknown command.
You feel much better. The gargoyle closely misses you.
Unknown command.
Unknown command.
You hit the gargoyle. You freeze the gargoyle.
The gargoyle is almost destroyed.
The gargoyle hurls a stone arrow at you.
The stone arrow hits you!
Unknown command.
Unknown command.
You hit the gargoyle but do no damage.
The gargoyle is almost destroyed.
The gargoyle hits you with a +0 morningstar!!
* * * LOW HITPOINT WARNING * * *
Unknown command.
Unknown command.
You hit the gargoyle but do no damage.
The gargoyle is almost destroyed.
The gargoyle hits you with a +0 morningstar!
* * * LOW HITPOINT WARNING * * *
The gargoyle hurls a stone arrow at you.
The stone arrow hits you!
You die...

## ## ####### #.# .# ##.....##
##.# .# ##.#####.## ##.#
.###.#.....#(## #.##
#.#.#..###..#.# #h#
#.#.#.#...#.#.# #.#
#.9.#.#.#.#.#.# #.#
#.#@#.#...#.#.# .. #h##
##.#.#..###÷.#.# .. ##.##
##.###.#.....#.## #. ##.#####9##
##.#####.## #. #.. ##(9...##
##.....##.. #. #... #######
###.### ..# ##. .... ##†#...##
##.....##...##.. ....##.##.#..##
##...##..##......
...##..#..##..###....##...##.#...


You could see a gargoyle.

Vanquished Creatures
  A two-headed ogre (D:7)
  Pikel (D:6)
  A manticore (D:7)
  Grinder (D:5)
  An acid dragon (D:7)
  2 water moccasins
  An ice beast (D:6)
  A sky beast (D:6)
  3 ogres
  A black bear (D:4)
  2 centaurs
  2 phantoms
  2 kobold brigands (Sewer)
  2 necrophages
  A scorpion (D:6)
  4 howler monkeys
  5 hounds
  An orc priest (D:6)
  Natasha (D:4)
  An orc wizard (D:6)
  2 iguanas
  Robin (D:2)
  2 adders (D:3)
  5 gnolls
  A shadow imp (D:5)
  A white imp (D:5)
  3 ufetubi
  4 worms
  3 dart slugs
  13 orcs
  8 ball pythons
  4 bats
  13 endoplasms
  6 giant cockroaches
  21 goblins
  8 hobgoblins
  10 jackals
  4 quokkas
  3 frilled lizards
  9 kobolds
  10 rats
165 creatures vanquished.

Vanquished Creatures (others)
  A plant (D:6)
1 creature vanquished.

Grand Total: 166 creatures vanquished

Notes
Turn   | Place    | Note
-------+----------+-------------------------------------------
     0 | D:5      | drugrobin the Demigod Delver began the quest for the Orb.
     0 | D:5      | Reached XP level 1. HP: 18/18 MP: 3/3
   209 | D:5      | Noticed a hound
   294 | D:4      | Noticed a black bear
   367 | D:4      | Reached XP level 2. HP: 23/25 MP: 4/4
   476 | D:4      | Identified the +7 hand axe of Dibbi {freeze, Fragile rC+
                  | rN+}
   566 | D:3      | Reached XP level 3. HP: 26/30 MP: 5/5
   764 | D:3      | Reached XP level 4. HP: 37/37 MP: 6/6
  1665 | D:2      | Noticed Robin
  1674 | D:2      | Killed Robin
  1679 | D:2      | Reached XP level 5. HP: 36/45 MP: 7/7
  2047 | D:3      | Found Amysisac's Armour Shop.
  2053 | D:3      | Bought a +2 scale mail of fire resistance for 210 gold
                  | pieces
  2222 | D:4      | Noticed an ogre
  2286 | D:4      | Killed a black bear
  2287 | D:4      | Reached skill level 5 in Unarmed Combat
  2395 | D:4      | Found a staircase to the Ecumenical Temple.
  2626 | D:4      | Reached XP level 6. HP: 52/52 MP: 8/8
  2883 | D:4      | Noticed Natasha
  2891 | D:4      | Killed Natasha
  3001 | D:4      | Found a runed translucent door.
  3002 | D:4      | Noticed Crazy Yiuf
  3307 | D:5      | Reached skill level 5 in Fighting
  3307 | D:5      | Reached XP level 7. HP: 37/61 MP: 5/9
  3622 | D:5      | Noticed Grinder
  3631 | D:5      | Paralysed by Grinder for 2 turns
  3640 | D:5      | Killed Grinder
  3789 | D:5      | Reached XP level 8. HP: 59/71 MP: 7/10
  3981 | D:6      | Noticed Pikel
  3992 | D:6      | Killed Pikel
  4021 | D:5      | Identified the +8 scimitar of Premature Burial {freeze,
                  | *Noise +Blink rC+ Int+6}
  4021 | D:5      | Noticed a rust devil
  4021 | D:5      | Noticed a rust devil
  4078 | D:6      | Found Byetyp's Assorted Antiques.
  4093 | D:6      | Bought a scroll labelled LEAQIETOSO for 28 gold pieces
  4093 | D:6      | Bought a blackened iron wand for 112 gold pieces
  4093 | D:6      | Bought a scroll labelled BIRAWE FOCO for 28 gold pieces
  4168 | D:6      | Identified the +2 war axe of Anouwat {freeze, Fly rPois
                  | Will++ Int-2}
  4227 | D:6      | Found a glowing drain.
  4238 | Sewer    | Entered a sewer
  4576 | D:6      | Found Xievogikh's Hydra Hut.
  4581 | D:6      | Noticed a five-headed hydra
  4983 | D:7      | Reached XP level 9. HP: 81/81 MP: 11/11
  5196 | D:7      | Noticed a two-headed ogre
  5220 | D:7      | Killed a two-headed ogre
  5222 | D:7      | Noticed a manticore
  5225 | D:7      | HP: 3/83 [manticore (8)]
  5234 | D:7      | Killed a manticore
  5276 | D:7      | Noticed a gargoyle
  5418 | D:7      | HP: 2/84 [gargoyle/+0 morningstar (11)]
  5418 | D:7      | Killed from afar by a gargoyle

Illustrated notes

Levels and vault maps discovered:
D:1:      elethiomel_arrival_infinity_welcomes_careful_drivers, layout_rooms
D:2:      layout_basic, uniq_robin
D:3:      layout_basic, lemuel_crystal_altar, serial_shops, shop,
          minmay_distorted
D:4:      layout_basic, mainiacjoe_overflow_alcove_2,
          mainiacjoe_overflow_brackets, temple_pool_b, kennysheep_path_1,
          uniq_crazy_yiuf_cottage, uniq_natasha
D:5:      cheibrodos_iron_armory, layout_rooms,
          minmay_overflow_temple_star_quad, minmay_misc_feat_square,
          uniq_grinder
D:6:      layout_loops_ring, gup_sewer_entry_pipe, serial_shops,
          nicolae_shop_advertising_works [nicolae_subvault_shop_adworks],
          doesnt_shop_hydraphobe, uniq_pikel
D:7:      minmay_the_grid_octo_2x2 [minmay_the_grid_octo_odd_swirl,
          minmay_the_grid_octo_tetromino_candy, minmay_the_grid_octo_concentric,
          minmay_the_grid_octo_prize_single_spiral], layout_cave_pools,
          nicolae_overflow_hidden_temple, serial_gnoll_camp,
          gnoll_camp_medium_02, gnoll_camp_mini_hut, gnoll_camp_mini_hut,
          gnoll_camp_mini_hut, gnoll_camp_mini_basic,
          chequers_serial_rivers_small_3

Skill      XL: |  1  2  3  4  5  6  7  8  9 |
---------------+----------------------------+-----
Unarmed Combat | 2 3 4 5 6 7 8 9 |  9.9
Fighting       | 3 4 5 6 8 9 |  9.4
Dodging        | |  1.7
Stealth        | |  4.5

Action                   |  1- 3 |  4- 6 |  7- 9 || total
-------------------------+-------+-------+-------++-------
Melee: Unarmed           |    39 |       |       ||    39
       Hand axe          |    27 |   150 |   193 ||   370
       Punch             |     1 |     5 |    10 ||    16
Throw: Dart              |       |     7 |    19 ||    26
  Use: Scroll            |       |       |     1 ||     1
       Potion            |       |       |     5 ||     5
 Stab: Sleeping          |     2 |    16 |     1 ||    19
       Distracted        |       |     1 |       ||     1
Armor: Chain mail        |    18 |       |       ||    18
       Leather armour    |    10 |    30 |       ||    40
       Scale mail        |       |    34 |   111 ||   145
Dodge: Dodged            |    41 |   105 |   127 ||   273

Table legend: (Time is in decaauts)
 A = Elapsed time spent in this place.
 B = Non-inter-level travel time spent in this place.
 C = Inter-level travel time spent in this place.
 D = Time resting spent in this place.
 E = Time spent auto-exploring this place.
 F = Levels seen in this place.
 G = Mean time per level.
                   A        B        C        D        E       F      G
               +--------+--------+--------+--------+--------+-----+--------+
         Total |   5593 |   5315 |    278 |    324 |   2876 |   8 |  699.1 |
       Dungeon |   5230 |   4952 |    278 |    241 |   2746 |   7 |  747.1 |
         Sewer |    363 |    363 |      0 |     83 |    130 |   1 |  363.0 |
               +--------+--------+--------+--------+--------+-----+--------+

Top non-repeatable levels by time:
     D:4: 1136 daAuts
     D:5: 1012 daAuts
     D:6: 738 daAuts
     D:3: 733 daAuts
     D:1: 606 daAuts
     D:7: 505 daAuts
     D:2: 497 daAuts
   Sewer: 363 daAuts
